 Dungeon Crawl Stone Soup version 0.29.1-2-gbd0b4ee654 (webtiles) character file.

Game seed: 7665008574933704920

93 kingsuperguy the Cudgeller (level 4, -9/45 HPs)
             Began as a Troll Monk on Nov 15, 2022.
             Mangled by an ogre
             ... wielding a +0 giant club
              (20 damage)
             ... on level 7 of the Dungeon.
             The game lasted 00:05:19 (1779 turns).

kingsuperguy the Cudgeller (Troll Monk)             Turns: 1779, Time: 00:05:22

Health: -9/45      AC:  4    Str: 27    XL:     4   Next: 36%
Magic:  0/3        EV: 10    Int:  6    God:
Gold:   96         SH:  0    Dex: 12    Spells: 3/3 levels left

rFire   . . .      SeeInvis .   r - +5 short sword "Peur Ruy" {vorpal, Will+}
rCold   . . .      Faith    .   (no shield)
rNeg    . . .      Spirit   +   b - +0 robe
rPois   .          Reflect  .   (helmet restricted)
rElec   .          Harm     .   (no cloak)
rCorr   .          Rampage  .   (gloves unavailable)
Will    +....                   (boots unavailable)
Stlth   ++........              u - amulet of guardian spirit
HPRegen 0.95/turn               l - +6 ring of strength
MPRegen 0.08/turn               (no ring)

@: no status effects
A: large, unfitting armour, claws 3, regeneration 1, shaggy fur 1, tough skin 1
a: no special abilities


You were on level 7 of the Dungeon.
You visited 1 branch of the dungeon, and saw 7 of its levels.

You collected 96 gold pieces.

Inventory:

Hand Weapons
 a - a +0 mace
 f - a +0 sling
 o - a +0 spear of pain
 r - the +5 short sword "Peur Ruy" (weapon) {vorpal, Will+}
   (You found it on level 3 of the Dungeon)

   It inflicts extra damage upon your enemies.
   Will:      It increases your willpower.
 t - a +1 morningstar of protection
Missiles
 e - 6 poisoned darts (quivered)
 j - 11 stones
Armour
 b - a +0 robe (worn)
Jewellery
 l - a +6 ring of strength (left claw)
 u - an amulet of guardian spirit (around neck)
Scrolls
 d - a scroll of teleportation {unknown}
 g - a scroll of enchant weapon {unknown}
 i - a scroll of brand weapon {unknown}
 n - a scroll of fear {unknown}
 p - a scroll of blinking {unknown}
 s - a scroll of identify {unknown}
Potions
 c - a potion of ambrosia
 h - a potion of brilliance {unknown}
 m - a potion of attraction {unknown}


   Skills:
 + Level 3.0 Fighting
 * Level 0.5 Short Blades
 - Level 3.4 Maces & Flails
 + Level 2.8 Dodging
 + Level 1.4 Stealth


You had 3 spell levels left.
You didn't know any spells.
Your spell library contained the following spells:

 Spells                   Type           Power      Damage    Failure   Level
 Apportation              Tloc           0%         N/A       45%         1
 Gell's Gravitas          Tloc           0%         N/A       83%         3
 Teleport Other           Tloc           0%         N/A       83%         3
 Alistair's Intoxication  Tmut/Pois      0%         N/A       100%        5
 Dispersal                Tloc           0%         N/A       100%        6


Dungeon Overview and Level Annotations

Branches:
Dungeon (7/15)
 Temple: D:4-7

Altars:
Makhleb
Zin

Annotations:
D:3 Grinder
D:6 Dowan, Duvessa


Innate Abilities, Weirdness & Mutations

You are too large for most types of armour.
You have claws for hands.
Your natural rate of healing is unusually fast.
You are covered in fur. (AC +1)
You have tough skin. (AC +1)


Message History

The ufetubus hits you.
You climb downwards.
There is a stone staircase leading up here.
You hit the ufetubus.
The ufetubus is moderately wounded.
The ufetubus barely misses you. The ufetubus closely misses you.
You hit the ufetubus but do no damage.
The ufetubus is moderately wounded.
The ufetubus misses you. The ufetubus hits you. The ufetubus barely misses you.
The ufetubus hits you but does no damage.
You puncture the ufetubus!
You kill the ufetubus!
You start resting.
HP restored.
There is a stone staircase leading down here.
Duvessa, Sister of Dowan comes into view.
She is wielding a +0 short sword.
Duvessa shouts!
Dowan, Brother of Duvessa comes into view.
He is wielding a +4 dagger of protection.
There is a stone staircase leading down here.
You climb downwards.
You hear the hiss of flowing sand.
There is an entrance to an ossuary on this level.
Hurry and find it before the portal is buried!
The ogre shouts!
The orc shouts!
You hear a bark!
There is a stone staircase leading up here.
The orc hits you with a +0 whip.
The ogre hits you with a +0 giant club!!
As you read the scroll labelled PUOR SERODI, it crumbles to dust.
The scroll dissolves into smoke.
It was a scroll of fog.
A hound comes into view.
The orc barely misses you.
As you read the scroll of fog, it crumbles to dust.
The scroll dissolves into smoke.
The ogre hits you with a +0 giant club! The orc barely misses you.
As you read the scroll labelled EFAN MYINEOLLU, it crumbles to dust.
The creatures around you are filled with an inner flame!
It was a scroll of immolation.
The hound barely misses you. The orc hits you with a +0 whip.
* * * LOW HITPOINT WARNING * * *
The ogre hits you with a +0 giant club!!
You die...

#####
##...##
#§§.⌠.#
#§o§O.#
#§§@§§#
##§h§##
##§##
... ###


You could see an ogre (inner flame), a hound (inner flame) and an orc (inner
flame).

Vanquished Creatures
  3 adders
  An ufetubus (D:6)
  2 worms
  A dart slug (D:1)
  6 endoplasms
  A giant cockroach (D:2)
  4 goblins
  8 hobgoblins
  2 jackals (D:2)
  3 kobolds
  2 quokkas
  5 ball pythons
  4 bats
  2 frilled lizards
  4 rats
48 creatures vanquished.

Notes
Turn   | Place    | Note
-------+----------+-------------------------------------------
     0 | D:1      | kingsuperguy the Troll Monk began the quest for the Orb.
     0 | D:1      | Reached XP level 1. HP: 22/22 MP: 0/0
   213 | D:1      | Reached XP level 2. HP: 29/29 MP: 1/1
   741 | D:1      | Reached XP level 3. HP: 36/36 MP: 2/2
  1483 | D:2      | Found a faded altar of an unknown god.
  1584 | D:3      | Identified the +5 short sword "Peur Ruy" {vorpal, Will+}
  1608 | D:3      | Reached XP level 4. HP: 34/45 MP: 3/3
  1635 | D:3      | Noticed Grinder
  1653 | D:4      | Found a burning altar of Makhleb.
  1654 | D:4      | Noticed a balrug
  1666 | D:4      | Found a glowing silver altar of Zin.
  1666 | D:4      | You fall into a shaft and drop 2 floors!
  1687 | D:5      | Entered Level 5 of the Dungeon
  1702 | D:5      | Noticed an ogre
  1767 | D:6      | Noticed Duvessa
  1767 | D:6      | Noticed Dowan
  1775 | D:7      | Noticed an ogre
  1779 | D:7      | Mangled by an ogre

Illustrated notes

Levels and vault maps discovered:
D:1:      minmay_arrival_open_corners, layout_basic
D:2:      layout_basic, chequers_ecumenical_altar_twisty,
          minmay_misc_feat_columns
D:3:      layout_rooms, kennysheep_donut, uniq_grinder
D:4:      layout_rooms, grunt_temple_overflow_order_and_chaos_2,
          dancing_weapons_uskayaw, nicolae_elyvilon_temple_path,
          minmay_misc_feat_rugged
D:5:      layout_basic, minitemple, minmay_temple_entry_overgrown, serial_shops,
          kennysheep_mini, minmay_fountain_box, hangedman_decor_clover_reticule
D:6:      layout_cave_pools, serial_gnoll_camp, gnoll_camp_mini_hut,
          gnoll_camp_huts_moat, gnoll_camp_medium_01, gnoll_camp_mini_doghouse,
          gnoll_camp_mini_basic, lightli_church_of_beogh, uniq_menkaure,
          uniq_maggie, uniq_sigmund, uniq_duvessa
D:7:      layout_cave_pools, chequers_ossuary_entry_cave,
          dreamdust_princess_bridge, grunt_ministairs_11, kennysheep_path_1,
          uniq_pikel

Skill      XL: |  1  2  3 |
---------------+----------+-----
Maces & Flails | 3 |  3.4
Fighting       | 3 |  3.0
Short Blades   | |  0.5
Dodging        | |  2.8
Stealth        | |  1.4

Action                   |  1- 3 |  4- 6 || total
-------------------------+-------+-------++-------
Melee: Mace              |   139 |       ||   139
       Short sword       |     5 |    20 ||    25
  Use: Scroll            |       |     3 ||     3
 Stab: Sleeping          |     7 |       ||     7
Armor: Robe              |    61 |    24 ||    85
Dodge: Dodged            |    71 |    56 ||   127
